VEGAS Golden Knights vs CHICAGO Blackhawks

Created - 18 février 2024 at 08:14

Goals
1 2 3 T
VEGAS Golden Knights 0 0 1 1
CHICAGO Blackhawks 2 0 0 2
Shots
1 2 3 T
VEGAS Golden Knights 9 21 17 47
CHICAGO Blackhawks 9 6 10 25

1st period

1. CHICAGO Blackhawks , Trent Frederic 1 (Eric Robinson 2) at 2:16
2. CHICAGO Blackhawks , Teuvo Teravainen 3 (Jonathan Toews 3, Erik Johnson 4) at 8:07

Penalties :
Trent Frederic (CHI) for Tripping (Minor) at 4:01, Noah Hanifin (VGK) for High sticking (Minor) at 11:08, Tom Wilson (CHI) for Fighting (Major) at 15:26, Noah Hanifin (VGK) for Fighting (Major) at 15:26, Aaron Ekblad (CHI) for Hooking (Minor) at 19:09

2nd period

No Goal

Penalties :
Jake Walman (CHI) for Slashing (Minor) at 1:14, Aaron Ekblad (CHI) for Cross-checking (Minor) at 3:59, Erik Johnson (CHI) for Roughing (Minor) at 9:04, Jake Walman (CHI) for Slashing (Minor) at 19:38

3rd period

3. VEGAS Golden Knights , Tony DeAngelo 2 (Sebastian Aho 4, Alex Killorn 4) at 0:36 (PP)

Penalties :
Olli Maatta (VGK) for Roughing (Minor) at 5:31, Andrei Svechnikov (VGK) for Slashing (Minor) at 10:08, Trent Frederic (CHI) for Cross-checking (Minor) at 14:38

Goalie Stats

Anton Forsberg (VGK), 23 saves from 25 shots - (0,920), L, 4-1-1, 59:19 minutes
Frederik Andersen (CHI), 46 saves from 47 shots - (0,979), W, 3-3-0, 60:00 minutes

Players Stats for VEGAS Golden Knights

Player Name              G  A  P  +/- PIM S  H  SB GA TA FO     MP     PP MP  PK MP  
------------------------------------------------------------------------------------
Adam Larsson             0  0  0  -1  0   0  3  4  0  0  0/0    21:40   1:03   3:33 
Alex Killorn             0  1  1   0  0   7  1  0  0  0  1/3    23:54   6:23   3:35 
Andrei Svechnikov        0  0  0   0  2   5  1  1  0  0  0/1    19:50   6:23   0:00 
Brenden Dillon           0  0  0  -1  0   0  1  1  0  0  0/0    15:16   0:00   2:56 
Colton Sissons           0  0  0  -2  0   4  1  1  0  0  22/29  19:30   6:29   3:54 
Devin Shore              0  0  0   0  0   1  0  0  0  0  0/0     7:10   1:25   0:24 
Evgenii Dadonov          0  0  0  -2  0   2  0  0  0  0  0/1     9:07   0:00   0:00 
Filip Chytil             0  0  0  -2  0   3  0  0  0  0  0/1    15:36   6:29   0:00 
Jared McCann             0  0  0   0  0   4  2  0  0  0  0/2    19:16   6:01   0:00 
Jordan Oesterle          0  0  0  -1  0   0  0  0  0  0  0/0    13:54   0:00   0:55 
Mikael Granlund          0  0  0   0  0   5  0  1  0  0  7/12   18:18   5:26   0:05 
Noah Hanifin             0  0  0   0  7   3  3  1  0  0  0/0    19:32   5:39   2:31 
Noel Acciari             0  0  0   0  0   2  1  0  0  0  4/4     7:19   0:00   1:58 
Olli Maatta              0  0  0   0  2   1  2  0  0  0  0/0    14:20   0:00   1:59 
Phil Di Giuseppe         0  0  0   0  0   1  0  0  0  0  1/3     5:21   0:00   0:00 
Sebastian Aho            0  1  1   0  0   5  1  0  0  0  16/33  22:51   6:57   1:58 
Tomas Tatar              0  0  0   0  0   3  1  0  0  0  1/3    17:39   4:52   0:00 
Tony DeAngelo            1  0  1  -1  0   1  1  1  0  0  0/0    23:26   7:13   0:00 

Players Stats for CHICAGO Blackhawks

Player Name              G  A  P  +/- PIM S  H  SB GA TA FO     MP     PP MP  PK MP  
------------------------------------------------------------------------------------
Aaron Ekblad             0  0  0   0  4   2  2  1  0  0  0/0    24:35   3:24   4:35 
Brett Ritchie            0  0  0   0  0   0  0  0  0  0  0/0     0:53   0:00   0:00 
Conor Sheary             0  0  0   0  0   2  0  1  0  0  2/5    24:40   3:24   8:50 
Eric Robinson            0  1  1   1  0   2  2  0  0  0  0/1    11:45   0:00   0:00 
Erik Johnson             0  1  1   1  2   2  3  1  0  0  0/0    21:28   2:33   5:03 
Jake Walman              0  0  0   1  4   2  2  1  0  0  0/0    20:16   2:33   3:52 
Jonathan Toews           0  1  1   1  0   0  0  1  0  0  10/20  16:42   2:33   0:00 
Josh Manson              0  0  0   1  0   0  3  2  0  0  0/0    15:59   0:00   5:19 
Marcus Foligno           0  0  0   1  0   1  4  0  0  0  0/1    16:42   2:33   0:00 
Matt Roy                 0  0  0   0  0   3  1  4  0  0  0/0    26:57   3:24   6:55 
Nicolas Hague            0  0  0   1  0   0  2  1  0  0  0/0    10:40   0:00   0:00 
Patrick Kane             0  0  0   0  0   1  0  1  0  0  8/24   27:10   3:24   8:29 
Ryan Johansen            0  0  0   0  0   3  3  0  0  0  8/17   19:44   3:24   3:54 
Taylor Raddysh           0  0  0   0  0   0  1  0  0  0  0/0     2:51   0:00   0:00 
Teuvo Teravainen         1  0  1   1  0   1  0  0  0  0  4/6    20:44   2:33   4:02 
Tom Wilson               0  0  0   1  5   1  1  0  0  0  0/0    10:51   0:00   0:00 
Trent Frederic           1  0  1   1  4   4  3  1  0  0  8/18   12:12   0:00   0:29 
Tyler Motte              0  0  0   0  0   1  1  0  0  0  0/0     2:51   0:00   0:00 

3 Stars

1 - Frederik Andersen (CHI)
2 - Teuvo Teravainen (CHI)
3 - Eric Robinson (CHI)

Power Play

VEGAS Golden Knights - 1 on 7 Attempt(s) - 14,29%
CHICAGO Blackhawks - 0 on 3 Attempt(s) - 0,00%

Penalty Kill

VEGAS Golden Knights - 3 on 3 Attempt(s) - 100,00% - Score 0 goal in Penalty Kill
CHICAGO Blackhawks - 6 on 7 Attempt(s) - 85,71% - Score 0 goal in Penalty Kill

Team Stat

VEGAS Golden Knights - Hits : 18 - Faceoff Wins : 52 - Blocked Shots : 10 - Penalty Minutes : 11
CHICAGO Blackhawks - Hits : 28 - Faceoff Wins : 40 - Blocked Shots : 14 - Penalty Minutes : 19

Official

Referees : Laura White and Brandon Schrader
Linesman : Andrew Smith and Justin Johnson

Game Notes

Tom Wilson and Noah Hanifin fight to a draw at 15:26 of 1st period

Finance

Level 1 -- Attendance: 4683 (78,05%) -- Ticket Income $468,300
Level 2 -- Attendance: 4477 (89,54%) -- Ticket Income $268,620
Level 3 -- Attendance: 2000 (100,00%) -- Ticket Income $70,000
Level 4 -- Attendance: 3767 (94,18%) -- Ticket Income $75,340
Luxury Box -- Attendance: 843 (84,30%) -- Ticket Income $168,600
Game was played at the United Center.
Total Attendance: 15770 (87,61%)
Total Ticket Income: $1,050,860
Other Income: $262,715
Total Income: $1,313,575

VEGAS Golden Knights

5 vs 5 Forward 
   Center                   Left Wing                Right Wing               Time % Phy DF OF 
 1 Sebastian Aho            Andrei Svechnikov        Alex Killorn             36     0   2  3  
 2 Mikael Granlund          Jared McCann             Tomas Tatar              30     0   2  3  
 3 Colton Sissons           Filip Chytil             Evgenii Dadonov          25     1   2  2  
 4 Noel Acciari             Phil Di Giuseppe         Devin Shore              9      1   2  2  

5 vs 5 Defense 
   Defense                  Defense                                           Time % Phy DF OF 
 1 Adam Larsson             Tony DeAngelo                                     40     1   2  2  
 2 Noah Hanifin             Olli Maatta                                       33     1   2  2  
 3 Brenden Dillon           Jordan Oesterle                                   22     1   2  2  
 4 Adam Larsson             Noah Hanifin                                      5      1   2  2  

PowerPlay Forward 
   Center                   Left Wing                Right Wing               Time % Phy DF OF 
 1 Sebastian Aho            Jared McCann             Alex Killorn             65     0   1  4  
 2 Colton Sissons           Filip Chytil             Tomas Tatar              35     0   2  3  

PowerPlay Defense
   Defense                  Defense                                           Time % Phy DF OF 
 1 Andrei Svechnikov        Tony DeAngelo                                     65     0   1  4  
 2 Mikael Granlund          Noah Hanifin                                      35     0   2  3  

Penalty Kill 4 Players Forward 
   Center                   Wing                     Time % Phy DF OF 
 1 Colton Sissons           Alex Killorn             60     1   3  1  
 2 Noel Acciari             Sebastian Aho            40     1   3  1  

Penalty Kill 4 Players Defense
   Defense                  Defense                  Time % Phy DF OF 
 1 Adam Larsson             Noah Hanifin             60     1   3  1  
 2 Brenden Dillon           Olli Maatta              40     1   3  1  

Penalty Kill - 3 Players Forward 
   Forward                                           Time % Phy DF OF 
 1 Colton Sissons                                    60     0   5  0  
 2 Sebastian Aho                                     40     0   5  0  

Penalty Kill - 3 Players Defense
   Defense                  Defense                  Time % Phy DF OF 
 1 Adam Larsson             Noah Hanifin             60     0   5  0  
 2 Brenden Dillon           Olli Maatta              40     0   5  0  

4 vs 4 Forward 
   Center                   Wing                     Time % Phy DF OF 
 1 Sebastian Aho            Alex Killorn             60     1   2  2  
 2 Mikael Granlund          Jared McCann             40     1   2  2  

4 vs 4 Defense
   Defense                  Defense                  Time % Phy DF OF 
 1 Adam Larsson             Tony DeAngelo            60     1   2  2  
 2 Noah Hanifin             Brenden Dillon           40     1   2  2  

Last Minutes Offensive
   Center                   Left Wing                Right Wing               Defense                  Defense                  
   Sebastian Aho            Jared McCann             Alex Killorn             Tony DeAngelo            Noah Hanifin             

Last Minutes Defensive
   Center                   Left Wing                Right Wing               Defense                  Defense                  
   Sebastian Aho            Colton Sissons           Alex Killorn             Adam Larsson             Noah Hanifin             

Goaltenders
Starting : Anton Forsberg           
Backup : Pyotr Kochetkov          

Extra Forwards
Normal : Jared McCann, Sebastian Aho, Alex Killorn - PP : Sebastian Aho, Mikael Granlund - PK : Colton Sissons
Extra Defensemen
Normal : Adam Larsson, Noah Hanifin, Brenden Dillon - PP : Tony DeAngelo - PK : Adam Larsson, Noah Hanifin
Penalty Shots
Sebastian Aho, Jared McCann, Andrei Svechnikov, Alex Killorn, Tomas Tatar

Scratches
Mike Reilly (Healthy)

CHICAGO Blackhawks

5 vs 5 Forward 
   Center                   Left Wing                Right Wing               Time % Phy DF OF 
 1 Ryan Johansen            Conor Sheary             Patrick Kane             40     1   2  2  
 2 Jonathan Toews           Teuvo Teravainen         Marcus Foligno           30     1   2  2  
 3 Trent Frederic           Eric Robinson            Tom Wilson               20     1   2  2  
 4 Patrick Kane             Tyler Motte              Taylor Raddysh           10     1   2  2  

5 vs 5 Defense 
   Defense                  Defense                                           Time % Phy DF OF 
 1 Aaron Ekblad             Matt Roy                                          40     1   2  2  
 2 Erik Johnson             Jake Walman                                       30     1   2  2  
 3 Nicolas Hague            Josh Manson                                       20     1   2  2  
 4 Aaron Ekblad             Matt Roy                                          10     1   2  2  

PowerPlay Forward 
   Center                   Left Wing                Right Wing               Time % Phy DF OF 
 1 Ryan Johansen            Conor Sheary             Patrick Kane             60     1   2  2  
 2 Jonathan Toews           Teuvo Teravainen         Marcus Foligno           40     1   2  2  

PowerPlay Defense
   Defense                  Defense                                           Time % Phy DF OF 
 1 Aaron Ekblad             Matt Roy                                          60     1   2  2  
 2 Erik Johnson             Jake Walman                                       40     1   2  2  

Penalty Kill 4 Players Forward 
   Center                   Wing                     Time % Phy DF OF 
 1 Patrick Kane             Conor Sheary             60     1   2  2  
 2 Teuvo Teravainen         Ryan Johansen            40     1   2  2  

Penalty Kill 4 Players Defense
   Defense                  Defense                  Time % Phy DF OF 
 1 Aaron Ekblad             Matt Roy                 60     1   2  2  
 2 Erik Johnson             Jake Walman              40     1   2  2  

Penalty Kill - 3 Players Forward 
   Forward                                           Time % Phy DF OF 
 1 Patrick Kane                                      60     1   2  2  
 2 Conor Sheary                                      40     1   2  2  

Penalty Kill - 3 Players Defense
   Defense                  Defense                  Time % Phy DF OF 
 1 Aaron Ekblad             Matt Roy                 60     1   2  2  
 2 Erik Johnson             Jake Walman              40     1   2  2  

4 vs 4 Forward 
   Center                   Wing                     Time % Phy DF OF 
 1 Patrick Kane             Conor Sheary             60     1   2  2  
 2 Teuvo Teravainen         Ryan Johansen            40     1   2  2  

4 vs 4 Defense
   Defense                  Defense                  Time % Phy DF OF 
 1 Aaron Ekblad             Matt Roy                 60     1   2  2  
 2 Erik Johnson             Jake Walman              40     1   2  2  

Last Minutes Offensive
   Center                   Left Wing                Right Wing               Defense                  Defense                  
   Ryan Johansen            Conor Sheary             Patrick Kane             Aaron Ekblad             Matt Roy                 

Last Minutes Defensive
   Center                   Left Wing                Right Wing               Defense                  Defense                  
   Ryan Johansen            Conor Sheary             Patrick Kane             Aaron Ekblad             Matt Roy                 

Goaltenders
Starting : Frederik Andersen        
Backup : James Reimer             

Extra Forwards
Normal : Brett Ritchie, Eric Robinson, Trent Frederic - PP : Brett Ritchie, Eric Robinson - PK : Trent Frederic
Extra Defensemen
Normal : Nicolas Hague, Josh Manson, Erik Johnson - PP : Nicolas Hague - PK : Josh Manson, Erik Johnson
Penalty Shots
Patrick Kane, Conor Sheary, Teuvo Teravainen, Ryan Johansen, Jonathan Toews

Scratches
Jakub Vrana (Healthy)

% Time on Ice - VEGAS Golden Knights

Lines # - Real PCT - Wanted PCT - Time Play
Normal Forward
1 - 33% - 36% - 13:28
2 - 31% - 30% - 12:47
3 - 22% - 25% - 9:07
4 - 13% - 9% - 5:21
Normal Defense
1 - 39% - 40% - 15:45
2 - 31% - 33% - 12:42
3 - 28% - 22% - 11:12
4 - 3% - 5% - 1:04
PP Forward
1 - 50% - 65% - 6:23
2 - 50% - 35% - 6:29
PP Defense
1 - 50% - 65% - 6:23
2 - 50% - 35% - 6:29
PK Forward
1 - 67% - 60% - 3:59
2 - 33% - 40% - 1:58
PK Defense
1 - 52% - 60% - 3:06
2 - 48% - 40% - 2:51
PK3 Forward
1 - 0% - 60%
2 - 0% - 40%
PK3 Defense
1 - 0% - 60%
2 - 0% - 40%
44 Forward
1 - 0% - 60%
2 - 0% - 40%
44 Defense
1 - 0% - 60%
2 - 0% - 40%
Last Minute Offensive  - 0:28
Last Minute Defensive  - 0:00
Total
Forward - 60:00
Defense - 60:00

% Time on Ice - CHICAGO Blackhawks

Lines # - Real PCT - Wanted PCT - Time Play
Normal Forward
1 - 29% - 40% - 11:58
2 - 35% - 30% - 14:09
3 - 29% - 20% - 11:45
4 - 7% - 10% - 2:51
Normal Defense
1 - 38% - 40% - 15:20
2 - 34% - 30% - 13:53
3 - 26% - 20% - 10:40
4 - 2% - 10% - 0:50
PP Forward
1 - 57% - 60% - 3:24
2 - 43% - 40% - 2:33
PP Defense
1 - 57% - 60% - 3:24
2 - 43% - 40% - 2:33
PK Forward
1 - 70% - 60% - 8:58
2 - 30% - 40% - 3:54
PK Defense
1 - 54% - 60% - 6:55
2 - 46% - 40% - 5:57
PK3 Forward
1 - 0% - 60%
2 - 0% - 40%
PK3 Defense
1 - 0% - 60%
2 - 0% - 40%
44 Forward
1 - 0% - 60%
2 - 0% - 40%
44 Defense
1 - 0% - 60%
2 - 0% - 40%
Last Minute Offensive  - 0:00
Last Minute Defensive  - 0:28
Total
Forward - 60:00
Defense - 60:00

Play-by-Play

1st period


0:01 of 1st period - Ryan Johansen wins face-off versus Sebastian Aho in neutral zone.
1:18 of 1st period - Icing by Mikael Granlund.
1:19 of 1st period - Trent Frederic wins face-off versus Jared McCann in VEGAS Golden Knights zone.
1:27 of 1st period - Icing by Olli Maatta.
1:28 of 1st period - Trent Frederic wins face-off versus Jared McCann in VEGAS Golden Knights zone.
1:38 of 1st period - Icing by Nicolas Hague.
1:39 of 1st period - Colton Sissons wins face-off versus Trent Frederic in CHICAGO Blackhawks zone.
2:16 of 1st period - Shot by Trent Frederic.
2:16 of 1st period - Goal by Trent Frederic - VEGAS Golden Knights : 0 - CHICAGO Blackhawks : 1.
2:17 of 1st period - Noel Acciari wins face-off versus Patrick Kane in neutral zone.
3:57 of 1st period - Icing by Brenden Dillon.
3:58 of 1st period - Mikael Granlund wins face-off versus Trent Frederic in VEGAS Golden Knights zone.
3:58 of 1st period - Mikael Granlund is hit by Eric Robinson.
4:01 of 1st period - Minor Penalty to Trent Frederic for Tripping.
4:02 of 1st period - Sebastian Aho wins face-off versus Patrick Kane in CHICAGO Blackhawks zone.
4:13 of 1st period - Shot by Alex Killorn.
4:13 of 1st period - Stopped by Frederik Andersen without a rebound.
4:14 of 1st period - Colton Sissons wins face-off versus Patrick Kane in CHICAGO Blackhawks zone.
4:15 of 1st period - Shot by Andrei Svechnikov.
4:15 of 1st period - Shot Blocked by Matt Roy.
4:26 of 1st period - Icing by Tony DeAngelo.
4:27 of 1st period - Colton Sissons wins face-off versus Patrick Kane in VEGAS Golden Knights zone.
5:18 of 1st period - Alex Killorn is hit by Ryan Johansen and loses puck.
6:07 of 1st period - Icing by Devin Shore.
6:08 of 1st period - Noel Acciari wins face-off versus Trent Frederic in VEGAS Golden Knights zone.
6:08 of 1st period - Noel Acciari is hit by Trent Frederic.
6:19 of 1st period - Noel Acciari is hit by Nicolas Hague and loses puck.
6:23 of 1st period - Icing by Josh Manson.
6:24 of 1st period - Colton Sissons wins face-off versus Trent Frederic in CHICAGO Blackhawks zone.
8:05 of 1st period - Shot by Jonathan Toews.
8:05 of 1st period - Shot Misses the Net.
8:07 of 1st period - Shot by Teuvo Teravainen.
8:07 of 1st period - Goal by Teuvo Teravainen - VEGAS Golden Knights : 0 - CHICAGO Blackhawks : 2.
8:08 of 1st period - Jonathan Toews wins face-off versus Sebastian Aho in neutral zone.
8:08 of 1st period - Jake Walman is hit by Andrei Svechnikov and loses puck.
9:06 of 1st period - Icing by Nicolas Hague.
9:07 of 1st period - Trent Frederic wins face-off versus Tomas Tatar in CHICAGO Blackhawks zone.
9:07 of 1st period - Trent Frederic is hit by Jared McCann.
9:36 of 1st period - Shot by Mikael Granlund.
9:36 of 1st period - Shot Blocked by Nicolas Hague.
9:38 of 1st period - Shot by Brenden Dillon.
9:38 of 1st period - Shot Blocked by Trent Frederic.
9:40 of 1st period - Shot by Mikael Granlund.
9:40 of 1st period - Shot Misses the Net.
9:42 of 1st period - Shot by Jared McCann.
9:42 of 1st period - Deflect By Mikael Granlund.
9:42 of 1st period - Stopped by Frederik Andersen with a rebound.
9:44 of 1st period - Shot by Tomas Tatar.
9:44 of 1st period - Stopped by Frederik Andersen without a rebound.
9:45 of 1st period - Ryan Johansen wins face-off versus Phil Di Giuseppe in CHICAGO Blackhawks zone.
9:45 of 1st period - Ryan Johansen is hit by Noel Acciari.
9:55 of 1st period - Shot by Patrick Kane.
9:55 of 1st period - Shot Misses the Net.
9:57 of 1st period - Shot by Matt Roy.
9:57 of 1st period - Shot Misses the Net.
9:59 of 1st period - Shot by Aaron Ekblad.
9:59 of 1st period - Stopped by Anton Forsberg with a rebound.
10:01 of 1st period - Shot by Matt Roy.
10:01 of 1st period - Stopped by Anton Forsberg without a rebound.
10:02 of 1st period - Jonathan Toews wins face-off versus Sebastian Aho in VEGAS Golden Knights zone.
10:10 of 1st period - Off-side.
10:11 of 1st period - Sebastian Aho wins face-off versus Ryan Johansen in neutral zone.
10:48 of 1st period - Shot by Andrei Svechnikov.
10:48 of 1st period - Stopped by Frederik Andersen with a rebound.
10:50 of 1st period - Shot by Sebastian Aho.
10:50 of 1st period - Stopped by Frederik Andersen without a rebound.
10:51 of 1st period - Mikael Granlund wins face-off versus Jonathan Toews in CHICAGO Blackhawks zone.
10:52 of 1st period - Shot by Noah Hanifin.
10:52 of 1st period - Stopped by Frederik Andersen without a rebound.
10:53 of 1st period - Mikael Granlund wins face-off versus Jonathan Toews in CHICAGO Blackhawks zone.
11:05 of 1st period - Jake Walman is hit by Noah Hanifin.
11:08 of 1st period - Minor Penalty to Noah Hanifin for High sticking.
11:09 of 1st period - Colton Sissons wins face-off versus Ryan Johansen in VEGAS Golden Knights zone.
11:38 of 1st period - Conor Sheary is hit by Adam Larsson and loses puck.
11:55 of 1st period - Sebastian Aho is hit by Ryan Johansen and loses puck.
13:27 of 1st period - Icing by Eric Robinson.
13:28 of 1st period - Phil Di Giuseppe wins face-off versus Trent Frederic in CHICAGO Blackhawks zone.
13:37 of 1st period - Noel Acciari is hit by Trent Frederic and loses puck.
13:44 of 1st period - Noah Hanifin is hit by Eric Robinson and loses puck.
13:53 of 1st period - Shot by Noel Acciari.
13:53 of 1st period - Stopped by Frederik Andersen without a rebound.
13:54 of 1st period - Mikael Granlund wins face-off versus Jonathan Toews in CHICAGO Blackhawks zone.
13:54 of 1st period - Mikael Granlund is hit by Erik Johnson.
14:31 of 1st period - Jared McCann is hit by Marcus Foligno and loses puck.
15:08 of 1st period - Shot by Patrick Kane.
15:08 of 1st period - Shot Blocked by Andrei Svechnikov.
15:14 of 1st period - Shot by Patrick Kane.
15:14 of 1st period - Shot Misses the Net.
15:24 of 1st period - Shot by Conor Sheary.
15:24 of 1st period - Deflect By Ryan Johansen.
15:24 of 1st period - Stopped by Anton Forsberg without a rebound.
15:25 of 1st period - Colton Sissons wins face-off versus Trent Frederic in VEGAS Golden Knights zone.
15:25 of 1st period - Colton Sissons is hit by Tom Wilson.
15:26 of 1st period - Tom Wilson and Noah Hanifin fight to a draw.
15:26 of 1st period - Penalty to Tom Wilson for Fighting.
15:26 of 1st period - Penalty to Noah Hanifin for Fighting.
15:27 of 1st period - Trent Frederic wins face-off versus Colton Sissons in VEGAS Golden Knights zone.
15:40 of 1st period - Shot by Trent Frederic.
15:40 of 1st period - Stopped by Anton Forsberg without a rebound.
15:41 of 1st period - Ryan Johansen wins face-off versus Sebastian Aho in VEGAS Golden Knights zone.
15:44 of 1st period - Shot by Patrick Kane.
15:44 of 1st period - Deflect By Conor Sheary.
15:44 of 1st period - Stopped by Anton Forsberg without a rebound.
15:45 of 1st period - Sebastian Aho wins face-off versus Ryan Johansen in VEGAS Golden Knights zone.
16:06 of 1st period - Patrick Kane is hit by Olli Maatta and loses puck.
16:11 of 1st period - Shot by Conor Sheary.
16:11 of 1st period - Stopped by Anton Forsberg with a rebound.
16:13 of 1st period - Shot by Conor Sheary.
16:13 of 1st period - Shot Misses the Net.
16:51 of 1st period - Adam Larsson is hit by Jake Walman and loses puck.
17:08 of 1st period - Shot by Teuvo Teravainen.
17:08 of 1st period - Shot Blocked by Adam Larsson.
17:10 of 1st period - Shot by Teuvo Teravainen.
17:10 of 1st period - Deflect By Marcus Foligno.
17:10 of 1st period - Shot Misses the Net.
17:22 of 1st period - Jonathan Toews is hit by Colton Sissons and loses puck.
18:08 of 1st period - Shot by Eric Robinson.
18:08 of 1st period - Shot Misses the Net.
18:10 of 1st period - Shot by Eric Robinson.
18:10 of 1st period - Stopped by Anton Forsberg without a rebound.
18:11 of 1st period - Sebastian Aho wins face-off versus Patrick Kane in VEGAS Golden Knights zone.
18:11 of 1st period - Andrei Svechnikov is hit by Tyler Motte and loses puck.
18:23 of 1st period - Alex Killorn is hit by Matt Roy and loses puck.
18:26 of 1st period - Shot by Andrei Svechnikov.
18:26 of 1st period - Shot Blocked by Aaron Ekblad.
18:40 of 1st period - Shot by Sebastian Aho.
18:40 of 1st period - Shot Blocked by Patrick Kane.
18:42 of 1st period - Shot by Sebastian Aho.
18:42 of 1st period - Shot Misses the Net.
19:02 of 1st period - Shot by Phil Di Giuseppe.
19:02 of 1st period - Stopped by Frederik Andersen with a rebound.
19:04 of 1st period - Shot by Adam Larsson.
19:04 of 1st period - Shot Misses the Net.
19:06 of 1st period - Shot by Devin Shore.
19:06 of 1st period - Shot Blocked by Matt Roy.
19:09 of 1st period - Minor Penalty to Aaron Ekblad for Hooking.
19:10 of 1st period - Trent Frederic wins face-off versus Colton Sissons in CHICAGO Blackhawks zone.
19:19 of 1st period - Shot by Colton Sissons.
19:19 of 1st period - Deflect By Filip Chytil.
19:19 of 1st period - Stopped by Frederik Andersen without a rebound.
19:20 of 1st period - Colton Sissons wins face-off versus Patrick Kane in CHICAGO Blackhawks zone.
19:20 of 1st period - Colton Sissons is hit by Erik Johnson.
Goals for this period are 0 for VEGAS Golden Knights vs 2 for CHICAGO Blackhawks.
Shots for this period are 9 for VEGAS Golden Knights vs 9 for CHICAGO Blackhawks.

2nd period


0:01 of 2nd period - Sebastian Aho wins face-off versus Patrick Kane in neutral zone.
0:20 of 2nd period - Shot by Sebastian Aho.
0:20 of 2nd period - Shot Blocked by Josh Manson.
0:22 of 2nd period - Shot by Alex Killorn.
0:22 of 2nd period - Stopped by Frederik Andersen with a rebound.
0:26 of 2nd period - Shot by Alex Killorn.
0:26 of 2nd period - Stopped by Frederik Andersen without a rebound.
0:27 of 2nd period - Colton Sissons wins face-off versus Patrick Kane in CHICAGO Blackhawks zone.
0:38 of 2nd period - Shot by Noah Hanifin.
0:38 of 2nd period - Shot Blocked by Jake Walman.
0:40 of 2nd period - Shot by Noah Hanifin.
0:40 of 2nd period - Shot Blocked by Erik Johnson.
0:42 of 2nd period - Shot by Tomas Tatar.
0:42 of 2nd period - Stopped by Frederik Andersen without a rebound.
0:43 of 2nd period - Sebastian Aho wins face-off versus Patrick Kane in CHICAGO Blackhawks zone.
1:13 of 2nd period - Evgenii Dadonov is hit by Jake Walman.
1:14 of 2nd period - Minor Penalty to Jake Walman for Slashing.
1:15 of 2nd period - Patrick Kane wins face-off versus Tomas Tatar in CHICAGO Blackhawks zone.
1:41 of 2nd period - Shot by Filip Chytil.
1:41 of 2nd period - Deflect By Tomas Tatar.
1:41 of 2nd period - Stopped by Frederik Andersen without a rebound.
1:42 of 2nd period - Teuvo Teravainen wins face-off versus Sebastian Aho in CHICAGO Blackhawks zone.
1:42 of 2nd period - Aaron Ekblad is hit by Alex Killorn and loses puck.
1:51 of 2nd period - Shot by Jared McCann.
1:51 of 2nd period - Stopped by Frederik Andersen with a rebound.
2:22 of 2nd period - Off-side.
2:23 of 2nd period - Colton Sissons wins face-off versus Patrick Kane in neutral zone.
2:25 of 2nd period - Mikael Granlund is hit by Josh Manson and loses puck.
3:22 of 2nd period - Shot by Matt Roy.
3:22 of 2nd period - Stopped by Anton Forsberg without a rebound.
3:23 of 2nd period - Jonathan Toews wins face-off versus Sebastian Aho in VEGAS Golden Knights zone.
3:36 of 2nd period - Shot by Alex Killorn.
3:36 of 2nd period - Shot Misses the Net.
3:56 of 2nd period - Shot by Alex Killorn.
3:56 of 2nd period - Shot Blocked by Matt Roy.
3:59 of 2nd period - Minor Penalty to Aaron Ekblad for Cross-checking.
4:00 of 2nd period - Colton Sissons wins face-off versus Conor Sheary in CHICAGO Blackhawks zone.
4:11 of 2nd period - Shot by Filip Chytil.
4:11 of 2nd period - Shot Hit the Post.
4:13 of 2nd period - Shot by Colton Sissons.
4:13 of 2nd period - Stopped by Frederik Andersen without a rebound.
4:14 of 2nd period - Sebastian Aho wins face-off versus Teuvo Teravainen in CHICAGO Blackhawks zone.
4:18 of 2nd period - Jared McCann is hit by Josh Manson and loses puck.
4:31 of 2nd period - Shot by Jared McCann.
4:31 of 2nd period - Shot Hit the Post.
4:33 of 2nd period - Shot by Jared McCann.
4:33 of 2nd period - Shot Misses the Net.
4:35 of 2nd period - Shot by Alex Killorn.
4:35 of 2nd period - Stopped by Frederik Andersen without a rebound.
4:36 of 2nd period - Colton Sissons wins face-off versus Patrick Kane in CHICAGO Blackhawks zone.
4:43 of 2nd period - Shot by Noah Hanifin.
4:43 of 2nd period - Shot Misses the Net.
4:45 of 2nd period - Shot by Noah Hanifin.
4:45 of 2nd period - Stopped by Frederik Andersen without a rebound.
4:46 of 2nd period - Colton Sissons wins face-off versus Patrick Kane in CHICAGO Blackhawks zone.
4:49 of 2nd period - Shot by Mikael Granlund.
4:49 of 2nd period - Stopped by Frederik Andersen with a rebound.
4:51 of 2nd period - Shot by Colton Sissons.
4:51 of 2nd period - Stopped by Frederik Andersen without a rebound.
4:52 of 2nd period - Sebastian Aho wins face-off versus Patrick Kane in CHICAGO Blackhawks zone.
5:01 of 2nd period - Shot by Sebastian Aho.
5:01 of 2nd period - Shot Blocked by Josh Manson.
5:03 of 2nd period - Shot by Alex Killorn.
5:03 of 2nd period - Stopped by Frederik Andersen without a rebound.
5:04 of 2nd period - Patrick Kane wins face-off versus Sebastian Aho in CHICAGO Blackhawks zone.
5:39 of 2nd period - Shot by Andrei Svechnikov.
5:39 of 2nd period - Stopped by Frederik Andersen with a rebound.
6:15 of 2nd period - Shot by Devin Shore.
6:15 of 2nd period - Shot Blocked by Jonathan Toews.
6:17 of 2nd period - Shot by Noel Acciari.
6:17 of 2nd period - Deflect By Devin Shore.
6:17 of 2nd period - Stopped by Frederik Andersen with a rebound.
6:37 of 2nd period - Shot by Marcus Foligno.
6:37 of 2nd period - Shot Misses the Net.
6:53 of 2nd period - Shot by Colton Sissons.
6:53 of 2nd period - Shot Misses the Net.
6:55 of 2nd period - Shot by Filip Chytil.
6:55 of 2nd period - Shot Misses the Net.
6:57 of 2nd period - Shot by Evgenii Dadonov.
6:57 of 2nd period - Stopped by Frederik Andersen without a rebound.
6:58 of 2nd period - Mikael Granlund wins face-off versus Trent Frederic in CHICAGO Blackhawks zone.
7:03 of 2nd period - Shot by Jared McCann.
7:03 of 2nd period - Shot Misses the Net.
7:16 of 2nd period - Shot by Mikael Granlund.
7:16 of 2nd period - Stopped by Frederik Andersen without a rebound.
7:17 of 2nd period - Patrick Kane wins face-off versus Sebastian Aho in CHICAGO Blackhawks zone.
7:17 of 2nd period - Nicolas Hague is hit by Sebastian Aho and loses puck.
7:26 of 2nd period - Shot by Patrick Kane.
7:26 of 2nd period - Shot Misses the Net.
7:37 of 2nd period - Patrick Kane is hit by Noah Hanifin and loses puck.
7:40 of 2nd period - Shot by Tyler Motte.
7:40 of 2nd period - Stopped by Anton Forsberg without a rebound.
7:41 of 2nd period - Tomas Tatar wins face-off versus Trent Frederic in VEGAS Golden Knights zone.
7:41 of 2nd period - Tomas Tatar is hit by Trent Frederic.
7:51 of 2nd period - Shot by Jared McCann.
7:51 of 2nd period - Shot Misses the Net.
8:07 of 2nd period - Shot by Jared McCann.
8:07 of 2nd period - Stopped by Frederik Andersen without a rebound.
8:08 of 2nd period - Ryan Johansen wins face-off versus Sebastian Aho in CHICAGO Blackhawks zone.
8:24 of 2nd period - Icing by Jake Walman.
8:25 of 2nd period - Colton Sissons wins face-off versus Ryan Johansen in CHICAGO Blackhawks zone.
9:04 of 2nd period - Minor Penalty to Erik Johnson for Roughing.
9:05 of 2nd period - Teuvo Teravainen wins face-off versus Sebastian Aho in CHICAGO Blackhawks zone.
9:32 of 2nd period - Icing by Sebastian Aho.
9:33 of 2nd period - Teuvo Teravainen wins face-off versus Alex Killorn in VEGAS Golden Knights zone.
9:47 of 2nd period - Sebastian Aho is hit by Aaron Ekblad and loses puck.
10:44 of 2nd period - Shot by Colton Sissons.
10:44 of 2nd period - Stopped by Frederik Andersen without a rebound.
10:45 of 2nd period - Patrick Kane wins face-off versus Sebastian Aho in CHICAGO Blackhawks zone.
11:40 of 2nd period - Shot by Nicolas Hague.
11:40 of 2nd period - Deflect By Trent Frederic.
11:40 of 2nd period - Stopped by Anton Forsberg without a rebound.
11:41 of 2nd period - Colton Sissons wins face-off versus Jonathan Toews in VEGAS Golden Knights zone.
11:54 of 2nd period - Aaron Ekblad is hit by Tony DeAngelo and loses puck.
13:02 of 2nd period - Shot by Sebastian Aho.
13:02 of 2nd period - Stopped by Frederik Andersen without a rebound.
13:03 of 2nd period - Trent Frederic wins face-off versus Mikael Granlund in CHICAGO Blackhawks zone.
13:16 of 2nd period - Brenden Dillon is hit by Josh Manson.
13:33 of 2nd period - Icing by Brenden Dillon.
13:34 of 2nd period - Ryan Johansen wins face-off versus Mikael Granlund in VEGAS Golden Knights zone.
14:00 of 2nd period - Icing by Jake Walman.
14:01 of 2nd period - Sebastian Aho wins face-off versus Conor Sheary in CHICAGO Blackhawks zone.
14:08 of 2nd period - Shot by Alex Killorn.
14:08 of 2nd period - Deflect By Andrei Svechnikov.
14:08 of 2nd period - Stopped by Frederik Andersen without a rebound.
14:09 of 2nd period - Jonathan Toews wins face-off versus Sebastian Aho in CHICAGO Blackhawks zone.
14:26 of 2nd period - Teuvo Teravainen is hit by Adam Larsson and loses puck.
14:33 of 2nd period - Shot by Teuvo Teravainen.
14:33 of 2nd period - Shot Blocked by Adam Larsson.
14:35 of 2nd period - Shot by Matt Roy.
14:35 of 2nd period - Shot Misses the Net.
14:37 of 2nd period - Shot by Aaron Ekblad.
14:37 of 2nd period - Stopped by Anton Forsberg with a rebound.
15:04 of 2nd period - Off-side.
15:05 of 2nd period - Mikael Granlund wins face-off versus Ryan Johansen in neutral zone.
15:24 of 2nd period - Patrick Kane is hit by Noah Hanifin and loses puck.
16:10 of 2nd period - Nicolas Hague is hit by Brenden Dillon and loses puck.
16:19 of 2nd period - Shot by Trent Frederic.
16:19 of 2nd period - Shot Misses the Net.
16:21 of 2nd period - Shot by Tom Wilson.
16:21 of 2nd period - Stopped by Anton Forsberg without a rebound.
16:22 of 2nd period - Alex Killorn wins face-off versus Jonathan Toews in VEGAS Golden Knights zone.
16:22 of 2nd period - Alex Killorn is hit by Marcus Foligno.
16:28 of 2nd period - Alex Killorn is hit by Marcus Foligno and loses puck.
16:39 of 2nd period - Shot by Jonathan Toews.
16:39 of 2nd period - Shot Misses the Net.
16:45 of 2nd period - Shot by Teuvo Teravainen.
16:45 of 2nd period - Shot Misses the Net.
17:44 of 2nd period - Icing by Brenden Dillon.
17:45 of 2nd period - Ryan Johansen wins face-off versus Evgenii Dadonov in VEGAS Golden Knights zone.
17:48 of 2nd period - Shot by Patrick Kane.
17:48 of 2nd period - Shot Blocked by Colton Sissons.
17:56 of 2nd period - Shot by Colton Sissons.
17:56 of 2nd period - Deflect By Filip Chytil.
17:56 of 2nd period - Stopped by Frederik Andersen without a rebound.
17:57 of 2nd period - Conor Sheary wins face-off versus Mikael Granlund in CHICAGO Blackhawks zone.
18:01 of 2nd period - Erik Johnson is hit by Tomas Tatar.
18:07 of 2nd period - Shot by Ryan Johansen.
18:07 of 2nd period - Stopped by Anton Forsberg without a rebound.
18:08 of 2nd period - Jonathan Toews wins face-off versus Colton Sissons in VEGAS Golden Knights zone.
19:00 of 2nd period - Icing by Matt Roy.
19:01 of 2nd period - Sebastian Aho wins face-off versus Jonathan Toews in CHICAGO Blackhawks zone.
19:37 of 2nd period - Shot by Sebastian Aho.
19:37 of 2nd period - Shot Misses the Net.
19:38 of 2nd period - Minor Penalty to Jake Walman for Slashing.
19:39 of 2nd period - Colton Sissons wins face-off versus Patrick Kane in CHICAGO Blackhawks zone.
19:52 of 2nd period - Shot by Mikael Granlund.
19:52 of 2nd period - Shot Blocked by Conor Sheary.
19:54 of 2nd period - Shot by Mikael Granlund.
19:54 of 2nd period - Stopped by Frederik Andersen without a rebound.
19:55 of 2nd period - Patrick Kane wins face-off versus Sebastian Aho in CHICAGO Blackhawks zone.
Goals for this period are 0 for VEGAS Golden Knights vs 0 for CHICAGO Blackhawks.
Shots for this period are 21 for VEGAS Golden Knights vs 6 for CHICAGO Blackhawks.

3rd period


0:01 of 3rd period - Patrick Kane wins face-off versus Sebastian Aho in neutral zone.
0:01 of 3rd period - Aaron Ekblad is hit by Jared McCann and loses puck.
0:34 of 3rd period - Shot by Alex Killorn.
0:34 of 3rd period - Deflect By Sebastian Aho.
0:34 of 3rd period - Shot Misses the Net.
0:36 of 3rd period - Shot by Tony DeAngelo.
0:36 of 3rd period - Goal by Tony DeAngelo - VEGAS Golden Knights : 1 - CHICAGO Blackhawks : 2.
0:37 of 3rd period - Colton Sissons wins face-off versus Jonathan Toews in neutral zone.
0:46 of 3rd period - Shot by Evgenii Dadonov.
0:46 of 3rd period - Stopped by Frederik Andersen with a rebound.
0:48 of 3rd period - Shot by Colton Sissons.
0:48 of 3rd period - Stopped by Frederik Andersen without a rebound.
0:49 of 3rd period - Trent Frederic wins face-off versus Phil Di Giuseppe in CHICAGO Blackhawks zone.
1:17 of 3rd period - Off-side.
1:18 of 3rd period - Sebastian Aho wins face-off versus Ryan Johansen in neutral zone.
1:29 of 3rd period - Shot by Alex Killorn.
1:29 of 3rd period - Stopped by Frederik Andersen with a rebound.
1:31 of 3rd period - Shot by Sebastian Aho.
1:31 of 3rd period - Shot Misses the Net.
1:51 of 3rd period - Shot by Andrei Svechnikov.
1:51 of 3rd period - Stopped by Frederik Andersen without a rebound.
1:52 of 3rd period - Mikael Granlund wins face-off versus Marcus Foligno in CHICAGO Blackhawks zone.
2:04 of 3rd period - Jared McCann is hit by Erik Johnson and loses puck.
2:19 of 3rd period - Shot by Olli Maatta.
2:19 of 3rd period - Stopped by Frederik Andersen without a rebound.
2:20 of 3rd period - Colton Sissons wins face-off versus Ryan Johansen in CHICAGO Blackhawks zone.
2:43 of 3rd period - Filip Chytil is hit by Aaron Ekblad and loses puck.
3:24 of 3rd period - Shot by Andrei Svechnikov.
3:24 of 3rd period - Stopped by Frederik Andersen with a rebound.
3:30 of 3rd period - Shot by Alex Killorn.
3:30 of 3rd period - Stopped by Frederik Andersen with a rebound.
3:32 of 3rd period - Shot by Sebastian Aho.
3:32 of 3rd period - Stopped by Frederik Andersen without a rebound.
3:33 of 3rd period - Jonathan Toews wins face-off versus Mikael Granlund in CHICAGO Blackhawks zone.
3:56 of 3rd period - Shot by Teuvo Teravainen.
3:56 of 3rd period - Shot Misses the Net.
3:58 of 3rd period - Shot by Jake Walman.
3:58 of 3rd period - Stopped by Anton Forsberg without a rebound.
3:59 of 3rd period - Trent Frederic wins face-off versus Sebastian Aho in VEGAS Golden Knights zone.
4:02 of 3rd period - Shot by Eric Robinson.
4:02 of 3rd period - Stopped by Anton Forsberg without a rebound.
4:03 of 3rd period - Sebastian Aho wins face-off versus Trent Frederic in VEGAS Golden Knights zone.
4:14 of 3rd period - Shot by Josh Manson.
4:14 of 3rd period - Shot Misses the Net.
4:17 of 3rd period - Icing by Adam Larsson.
4:18 of 3rd period - Sebastian Aho wins face-off versus Jonathan Toews in VEGAS Golden Knights zone.
4:40 of 3rd period - Shot by Teuvo Teravainen.
4:40 of 3rd period - Shot Blocked by Tony DeAngelo.
4:57 of 3rd period - Icing by Tony DeAngelo.
4:58 of 3rd period - Patrick Kane wins face-off versus Andrei Svechnikov in VEGAS Golden Knights zone.
5:06 of 3rd period - Conor Sheary is hit by Adam Larsson and loses puck.
5:14 of 3rd period - Icing by Andrei Svechnikov.
5:15 of 3rd period - Sebastian Aho wins face-off versus Eric Robinson in VEGAS Golden Knights zone.
5:31 of 3rd period - Minor Penalty to Olli Maatta for Roughing.
5:32 of 3rd period - Colton Sissons wins face-off versus Patrick Kane in VEGAS Golden Knights zone.
5:44 of 3rd period - Icing by Matt Roy.
5:45 of 3rd period - Colton Sissons wins face-off versus Ryan Johansen in CHICAGO Blackhawks zone.
6:00 of 3rd period - Brenden Dillon is hit by Ryan Johansen and loses puck.
6:25 of 3rd period - Shot by Ryan Johansen.
6:25 of 3rd period - Stopped by Anton Forsberg with a rebound.
6:44 of 3rd period - Off-side.
6:45 of 3rd period - Noel Acciari wins face-off versus Jonathan Toews in neutral zone.
6:58 of 3rd period - Shot by Teuvo Teravainen.
6:58 of 3rd period - Shot Blocked by Adam Larsson.
7:06 of 3rd period - Shot by Jake Walman.
7:06 of 3rd period - Stopped by Anton Forsberg without a rebound.
7:07 of 3rd period - Patrick Kane wins face-off versus Colton Sissons in VEGAS Golden Knights zone.
7:14 of 3rd period - Shot by Matt Roy.
7:14 of 3rd period - Stopped by Anton Forsberg without a rebound.
7:15 of 3rd period - Colton Sissons wins face-off versus Jonathan Toews in VEGAS Golden Knights zone.
8:00 of 3rd period - Shot by Jared McCann.
8:00 of 3rd period - Shot Misses the Net.
8:02 of 3rd period - Shot by Noah Hanifin.
8:02 of 3rd period - Shot Misses the Net.
8:04 of 3rd period - Shot by Jared McCann.
8:04 of 3rd period - Stopped by Frederik Andersen with a rebound.
9:50 of 3rd period - Shot by Erik Johnson.
9:50 of 3rd period - Stopped by Anton Forsberg without a rebound.
9:51 of 3rd period - Colton Sissons wins face-off versus Trent Frederic in VEGAS Golden Knights zone.
10:05 of 3rd period - Shot by Filip Chytil.
10:05 of 3rd period - Stopped by Frederik Andersen without a rebound.
10:06 of 3rd period - Jonathan Toews wins face-off versus Sebastian Aho in CHICAGO Blackhawks zone.
10:08 of 3rd period - Minor Penalty to Andrei Svechnikov for Slashing.
10:09 of 3rd period - Jonathan Toews wins face-off versus Alex Killorn in VEGAS Golden Knights zone.
10:10 of 3rd period - Shot by Marcus Foligno.
10:10 of 3rd period - Stopped by Anton Forsberg without a rebound.
10:11 of 3rd period - Jonathan Toews wins face-off versus Colton Sissons in VEGAS Golden Knights zone.
10:12 of 3rd period - Shot by Erik Johnson.
10:12 of 3rd period - Stopped by Anton Forsberg without a rebound.
10:13 of 3rd period - Conor Sheary wins face-off versus Colton Sissons in VEGAS Golden Knights zone.
10:58 of 3rd period - Shot by Ryan Johansen.
10:58 of 3rd period - Deflect By Patrick Kane.
10:58 of 3rd period - Shot Blocked by Noah Hanifin.
11:41 of 3rd period - Shot by Teuvo Teravainen.
11:41 of 3rd period - Shot Blocked by Adam Larsson.
12:11 of 3rd period - Shot by Eric Robinson.
12:11 of 3rd period - Deflect By Trent Frederic.
12:11 of 3rd period - Stopped by Anton Forsberg with a rebound.
12:13 of 3rd period - Shot by Nicolas Hague.
12:13 of 3rd period - Shot Blocked by Brenden Dillon.
13:00 of 3rd period - Jared McCann is hit by Taylor Raddysh and loses puck.
13:29 of 3rd period - Shot by Patrick Kane.
13:29 of 3rd period - Shot Misses the Net.
13:58 of 3rd period - Shot by Marcus Foligno.
13:58 of 3rd period - Deflect By Teuvo Teravainen.
13:58 of 3rd period - Shot Blocked by Mikael Granlund.
14:07 of 3rd period - Mikael Granlund is hit by Marcus Foligno and loses puck.
14:38 of 3rd period - Minor Penalty to Trent Frederic for Cross-checking.
14:39 of 3rd period - Colton Sissons wins face-off versus Patrick Kane in CHICAGO Blackhawks zone.
14:40 of 3rd period - Shot by Sebastian Aho.
14:40 of 3rd period - Stopped by Frederik Andersen with a rebound.
14:48 of 3rd period - Shot by Colton Sissons.
14:48 of 3rd period - Shot Misses the Net.
15:12 of 3rd period - Shot by Tony DeAngelo.
15:12 of 3rd period - Deflect By Sebastian Aho.
15:12 of 3rd period - Stopped by Frederik Andersen without a rebound.
15:13 of 3rd period - Sebastian Aho wins face-off versus Teuvo Teravainen in CHICAGO Blackhawks zone.
15:34 of 3rd period - Off-side.
15:35 of 3rd period - Teuvo Teravainen wins face-off versus Colton Sissons in neutral zone.
16:01 of 3rd period - Shot by Aaron Ekblad.
16:01 of 3rd period - Shot Misses the Net.
16:31 of 3rd period - Shot by Jake Walman.
16:31 of 3rd period - Shot Misses the Net.
16:40 of 3rd period - Sebastian Aho is hit by Nicolas Hague and loses puck.
18:06 of 3rd period - Shot by Mikael Granlund.
18:06 of 3rd period - Stopped by Frederik Andersen without a rebound.
18:07 of 3rd period - Noel Acciari wins face-off versus Ryan Johansen in CHICAGO Blackhawks zone.
18:12 of 3rd period - Shot by Noel Acciari.
18:12 of 3rd period - Stopped by Frederik Andersen without a rebound.
18:13 of 3rd period - Ryan Johansen wins face-off versus Filip Chytil in CHICAGO Blackhawks zone.
18:37 of 3rd period - Patrick Kane is hit by Olli Maatta and loses puck.
18:55 of 3rd period - Shot by Patrick Kane.
18:55 of 3rd period - Stopped by Anton Forsberg without a rebound.
18:56 of 3rd period - Jonathan Toews wins face-off versus Mikael Granlund in VEGAS Golden Knights zone.
19:19 of 3rd period - VEGAS Golden Knights, Anton Forsberg is pulled from the net.
19:27 of 3rd period - Shot by Jared McCann.
19:27 of 3rd period - Shot Misses the Net.
19:29 of 3rd period - Shot by Jared McCann.
19:29 of 3rd period - Shot Misses the Net.
19:31 of 3rd period - Shot by Jared McCann.
19:31 of 3rd period - Stopped by Frederik Andersen without a rebound.
19:32 of 3rd period - Sebastian Aho wins face-off versus Conor Sheary in CHICAGO Blackhawks zone.
19:53 of 3rd period - Shot by Alex Killorn.
19:53 of 3rd period - Shot Blocked by Matt Roy.
19:55 of 3rd period - Shot by Noah Hanifin.
19:55 of 3rd period - Stopped by Frederik Andersen without a rebound.
19:56 of 3rd period - Ryan Johansen wins face-off versus Sebastian Aho in CHICAGO Blackhawks zone.
Goals for this period are 1 for VEGAS Golden Knights vs 0 for CHICAGO Blackhawks.
Shots for this period are 17 for VEGAS Golden Knights vs 10 for CHICAGO Blackhawks. Output by the SimonT Hockey Simulator (STHS) for Martin Benoit - Original Page W3C HTML5 Valid
Hockey Simulator - Hockey Simulation - Hockey Manager